 Dungeon Crawl Stone Soup version 0.29-a0-757-g358383bc75 (webtiles) character file.

Game seed: 15523821861923530690

74 Anon1729 the Ducker (level 4, -2/37 HPs)
             Began as a Merfolk Monk on June 30, 2022.
             Was a Priest of Vehumet.
             Slain by an orc wizard
             ... wielding a +2 dagger of speed
              (6 damage)
             ... on level 3 of the Dungeon.
             The game lasted 00:02:28 (2408 turns).

Anon1729 the Ducker (Merfolk Monk)                  Turns: 2408, Time: 00:02:28

Health: -2/37      AC:  3    Str: 11    XL:     4   Next: 30%
Magic:  2/4        EV: 14    Int: 11    God:    Vehumet [***...]
Gold:   116        SH:  0    Dex: 16    Spells: 2/3 levels left

rFire   . . .      SeeInvis .     - Unarmed
rCold   . . .      Faith    .   (no shield)
rNeg    . . .      Spirit   .   a - +0 robe
rPois   .          Reflect  .   (no helmet)
rElec   .          Harm     .   (no cloak)
rCorr   .          Rampage  .   (no gloves)
Will    .....                   h - +0 pair of boots
Stlth   ++........              (no amulet)
HPRegen 0.12/turn               (no ring)
MPRegen 0.09/turn               (no ring)

@: no status effects
A: (nimble swimmer 2), mertail
a: Renounce Religion


You were on level 3 of the Dungeon.
You worshipped Vehumet.
Vehumet was most pleased with you.
You visited 1 branch of the dungeon, and saw 3 of its levels.

You collected 116 gold pieces.

Inventory:

Missiles
 j - 5 poisoned darts
Armour
 a - a +0 robe (worn)
 h - a +0 pair of boots (worn)
Jewellery
 f - a ring of ice
 n - a ring of wizardry
 p - a ring of protection from cold
Scrolls
 d - a scroll of identify {unknown}
 g - a scroll of torment {unknown}
 i - 6 scrolls of teleportation {unknown}
 l - a scroll of immolation {unknown}
 m - a scroll of fog {unknown}
 o - a scroll of blinking {unknown}
Potions
 b - a potion of ambrosia
 c - 4 potions of mutation {unknown}
 e - a potion of degeneration {unknown}
 k - a potion of curing {unknown}


   Skills:
 + Level 3.9 Fighting
 + Level 4.6 Dodging
 + Level 3.1 Stealth
 + Level 3.9 Unarmed Combat
 + Level 1.0 Ice Magic


You had 2 spell levels left.
You knew the following spells:

 Your Spells              Type           Power      Damage    Failure   Level
a - Freeze                Ice            8%         1d3       7%          1

Your spell library contained the following spells:

 Spells                   Type           Power      Damage    Failure   Level
 Ignite Poison            Fire/Tmut/Pois 0%         N/A       26%         3
 Foxfire                  Conj/Fire      0%         2x1d4     10%         1


Dungeon Overview and Level Annotations

Branches:
Dungeon (3/15)

Altars:
Vehumet

Shops:
D:3 [


Innate Abilities, Weirdness & Mutations

((You are very nimble when in or above water. (Stealth+, EV+, Speed+++)))
Your lower body shifts to a powerful aquatic tail in water.


Message History

The orc wizard is moderately wounded.
The orc wizard hits you with a +2 dagger of speed.
You bump into the rock wall.
The orc wizard hits you but does no damage.
You miss the orc wizard.
The orc wizard is moderately wounded.
The orc wizard misses you.
An orc comes into view. It is wielding a +0 club.
You bump into the rock wall.
The orc shouts!
You hear a shout! x2
The orc wizard gestures at you while chanting.
The magic dart hits you!
* * * LOW HITPOINT WARNING * * *
You hit the orc wizard.
The orc wizard is severely wounded.
The orc wizard hits you with a +2 dagger of speed.
* * * LOW HITPOINT WARNING * * *
The orc wizard barely misses you.
You closely miss the orc wizard.
The orc wizard is severely wounded.
You feel less confused.
Casting: Freeze (safe; 7% risk of failure)
Confirm with . or Enter, or press ? or * to list all spells.
Aiming: Freeze (safe; 7% risk of failure)
Press: ? - help, Shift-Dir - straight line, f - orc wizard
Aim: an orc wizard, wielding a +2 dagger of speed and wearing a +0 robe (severely wounded)
You freeze the orc wizard.
The orc wizard is severely wounded.
The orc wizard casts a spell at you. The puff of flame hits you.
* * * LOW HITPOINT WARNING * * *
Casting: Freeze (safe; 7% risk of failure)
Confirm with . or Enter, or press ? or * to list all spells.
Aiming: Freeze (safe; 7% risk of failure)
Press: ? - help, Shift-Dir - straight line, f/p - orc wizard
Aim: an orc wizard, wielding a +2 dagger of speed and wearing a +0 robe (severely wounded)
You freeze the orc wizard.
The orc wizard is almost dead.
The orc wizard hits you with a +2 dagger of speed.
You die...

#..# #.# #..#
#..#
#########..#
...........# #
########.#.##.#
........###o.
########.#o###
##@# #.#
.......)#
#########


You could see an orc wizard and an orc.

Vanquished Creatures
  An adder (D:2)
  A worm (D:2)
  2 dart slugs
  6 orcs (D:3)
  2 bats (D:1)
  An endoplasm (D:2)
  2 giant cockroaches (D:2)
  7 hobgoblins
  4 jackals (D:2)
  4 kobolds
  2 quokkas
  6 ball pythons
  5 frilled lizards
  A goblin (D:1)
  6 rats
50 creatures vanquished.

Vanquished Creatures (others)
  2 fungi (D:1)
2 creatures vanquished.

Grand Total: 52 creatures vanquished

Notes
Turn   | Place    | Note
-------+----------+-------------------------------------------
     0 | D:1      | Anon1729 the Merfolk Monk began the quest for the Orb.
     0 | D:1      | Reached XP level 1. HP: 18/18 MP: 1/1
   289 | D:1      | Reached XP level 2. HP: 14/24 MP: 2/2
   410 | D:1      | Found a faded altar of an unknown god.
   465 | D:1      | Got Plato's Almanac of the Arsonist
   466 | D:1      | Prayed at the altar of an unknown god.
   466 | D:1      | Became a worshipper of Vehumet
   466 | D:1      | Reached * piety under Vehumet
   466 | D:1      | Offered knowledge of Magic Dart by Vehumet.
   466 | D:1      | Reached ** piety under Vehumet
   691 | D:1      | Offered knowledge of Freeze by Vehumet.
   719 | D:1      | Learned a level 1 spell: Freeze
   812 | D:1      | Offered knowledge of Scorch by Vehumet.
   983 | D:1      | Reached *** piety under Vehumet
  1164 | D:2      | Reached XP level 3. HP: 25/29 MP: 3/3
  1996 | D:3      | Found Siudymn's Armour Boutique.
  2049 | D:3      | Reached XP level 4. HP: 36/37 MP: 4/4
  2119 | D:3      | Offered knowledge of Ignite Poison by Vehumet.
  2120 | D:3      | Reached skill level 1 in Ice Magic
  2408 | D:3      | Slain by an orc wizard

Illustrated notes

Levels and vault maps discovered:
D:1:      nagdon_arrival_double_spiral, layout_basic,
          shapermc_ecumenical_altar_rom_forum
D:2:      layout_basic
D:3:      layout_loops_ring, minitemple, serial_shops, shop, nicolae_shop_trees,
          nicolae_shop_stone, nicolae_lakefront_shop, mrwooster_statue_mirror

Skill      XL: |  1  2  3  4 |
---------------+-------------+-----
Stealth        | 3 |  3.1
Ice Magic      | 1 |  1.0
Fighting       | |  3.9
Dodging        | |  4.6
Unarmed Combat | |  3.9

Action                   |  1- 3 |  4- 6 || total
-------------------------+-------+-------++-------
Melee: Unarmed           |   148 |    35 ||   183
       Punch             |     4 |       ||     4
Throw: Dart              |     1 |       ||     1
 Cast: Freeze            |     6 |     8 ||    14
 Stab: Sleeping          |     8 |     1 ||     9
Armor: Robe              |    27 |     6 ||    33
Dodge: Dodged            |   121 |    24 ||   145

Table legend: (Time is in decaauts)
 A = Elapsed time spent in this place.
 B = Non-inter-level travel time spent in this place.
 C = Inter-level travel time spent in this place.
 D = Time resting spent in this place.
 E = Time spent auto-exploring this place.
 F = Levels seen in this place.
 G = Mean time per level.
                   A        B        C        D        E       F      G
               +--------+--------+--------+--------+--------+-----+--------+
         Total |   2370 |   2321 |     49 |    118 |   1802 |   3 |  790.0 |
       Dungeon |   2370 |   2321 |     49 |    118 |   1802 |   3 |  790.0 |
               +--------+--------+--------+--------+--------+-----+--------+

Top non-repeatable levels by time:
     D:1: 1108 daAuts
     D:2: 842 daAuts
     D:3: 419 daAuts
